 Dungeon Crawl Stone Soup version 0.25-a0-731-g0472a16d6a (webtiles) character file.

Game seed: 6860242691604908020, levelgen mode: deterministic

10243 Conn the Blocker (level 11, -3/111 HPs)
             Began as a Gargoyle Fighter on Apr 7, 2020.
             Was a High Priest of Okawaru.
             Engulfed by a blizzard demon's freezing vapour (10 damage)
             ... on level 1 of the Abyss.
             The game lasted 00:32:40 (8447 turns).

Conn the Blocker (Gargoyle Fighter)                 Turns: 8447, Time: 00:32:41

Health: -3/111     AC: 25    Str: 21    XL:     11   Next: 59%
Magic:  18/18      EV:  2    Int:  9    God:    Okawaru [*****.]
Gold:   601        SH: 12    Dex: 11    Spells: 9/19 levels left

rFire    + . .     SeeInvis .   n - +10 war axe of the Wraith {speed, rElec rPois rN+++ MR-}
rCold    . . .     Gourm    .   c - +1 kite shield
rNeg     + + +     Faith    .   (armour currently unavailable)
rPois    ∞         Spirit   .   (helmet currently unavailable)
rElec    +         Reflect  .   (cloak currently unavailable)
rCorr    .         Harm     .   (gloves currently unavailable)
MR       .....     NoTele   +   (boots currently unavailable)
Stlth    +.........             (no amulet)
HPRegen  0.28/turn              C - ring of wizardry
MPRegen  0.16/turn              a - ring of protection from fire

@: tree-form, invisible
A: negative energy resistance 1, robust 1, petrification resistance, rot
immunity, AC +8
a: Heroism, Finesse, Renounce Religion


You were on level 1 of the Abyss.
You worshipped Okawaru.
Okawaru was extremely pleased with you.
You were not hungry.
You were a tree.
You visited 2 branches of the dungeon, and saw 11 of its levels.
You visited the Abyss 1 time.

You collected 601 gold pieces.

Inventory:

Hand Weapons
 e - a +3 whip of freezing
 h - a +2 mace of protection
 n - the +10 war axe of the Wraith (weapon) {speed, rElec rPois rN+++ MR-}
   (You took it off a goblin on level 4 of the Dungeon)

   Attacks with this weapon are significantly faster.
   It insulates you from electricity.
   It protects you from poison.
   It renders you almost immune to negative energy.
   It affects your resistance to hostile enchantments.
Missiles
 r - 89 sling bullets
 F - 2 atropa-tipped darts (quivered)
 H - 7 datura-tipped darts
Armour
 c - a +1 kite shield (worn)
 m - a +2 helmet
 o - the +2 leather armour of a wizard's laboratory {rN+ rCorr Dex+4}
   (You found it on level 5 of the Dungeon)

   It affects your dexterity (+4).
   It protects you from negative energy.
   It provides partial protection from all sources of acid and corrosion.
 y - a +2 robe of magic resistance
 D - the +8 scale mail of the Sturgeon (melded) {rN+}
   (You found it on level 6 of the Dungeon)

   It protects you from negative energy.
 K - the cursed +0 cloak "Giuren" (melded) {Slay+5}
   (You found it on level 8 of the Dungeon)

   It affects your accuracy and damage with ranged weapons and melee attacks
   (+5).
   It has a curse placed upon it.
 N - a +2 robe of the Archmagi
Jewellery
 a - a ring of protection from fire (right branch)
 C - a ring of wizardry (left branch)
Wands
 d - a wand of flame (30)
 q - a wand of paralysis (13)
 s - a wand of iceblast (7)
 u - a wand of digging (7)
 I - a wand of enslavement (5)
 O - a wand of random effects (15)
Scrolls
 b - a scroll of noise {unknown}
 j - 2 scrolls of remove curse
 k - 4 scrolls of identify
 p - 10 scrolls of teleportation
 t - 2 scrolls of magic mapping
 x - a scroll of fog {unknown}
 z - 3 scrolls of blinking {unknown}
 M - 2 scrolls of immolation {unknown}
 Q - 2 scrolls of enchant weapon
Potions
 g - a potion of haste
 i - a potion of degeneration
 l - a potion of stabbing
 v - 2 potions of curing
 A - a potion of cancellation
 G - a potion of mutation
Comestibles
 f - 23 rations


   Skills:
 * Level 7.6 Fighting
 + Level 7.3(8.2) Axes
 + Level 6.2(8.1) Maces & Flails
 * Level 7.3 Armour
 + Level 2.4 Dodging
 + Level 1.0 Stealth
 * Level 8.7 Shields
 * Level 4.9 Spellcasting
 + Level 1.9 Conjurations
 * Level 4.4 Charms
 * Level 3.9 Translocations
 + Level 0.4 Evocations


You had 9 spell levels left.
You knew the following spells:

 Your Spells              Type           Power        Failure   Level  Hunger
a - Iskenderun's Battles  Conj/Chrm      #.......     82%         5    ######.
b - Shroud of Golubria    Chrm/Tloc      #.....       6%          2    ##.....
c - Ozocubu's Armour      Chrm/Ice       #.......     26%         3    ###....

Your spell library contained the following spells:

 Spells                   Type           Power        Failure   Level  Hunger
 Infusion                 Chrm           ##..         3%          1    #......
 Song of Slaying          Chrm           ##......     6%          2    ##.....
 Spectral Weapon          Hex/Chrm       #.......     26%         3    ###....
 Bolt of Magma            Conj/Fire/Erth #.........   98%         5    ######.
 Iron Shot                Conj/Erth      #.........   100%        6    #######
 Orb of Destruction       Conj           #.........   100%        7    #######
 Spellforged Servitor     Conj/Summ      #.........   100%        7    #######


Dungeon Overview and Level Annotations

Branches:
Dungeon (10/15)            Temple (1/1) D:6             Orc (0/2) D:9
   Lair: D:8-11

Altars:
Ashenzari
Cheibriados
Dithmenos
Elyvilon
Fedhas
Gozag
Hepliaklqana
Kikubaaqudgha
Makhleb
Nemelex Xobeh
Okawaru
Qazlal
Ru
Sif Muna
Trog
Uskayaw
Vehumet
Wu Jian
Xom
Yredelemnul
Zin
The Shining One

Annotations:
D:10 Sonja


Innate Abilities, Weirdness & Mutations

You are resistant to torment.
((Your stone body is resilient. (AC +8)))
You are immune to poison.
You resist negative energy. (rN+)
((You are resistant to electric shocks. (rElec)))
((You can survive without breathing.))
You are immune to petrification.
You are immune to rotting.
((You have a pair of small horns on your head.))
You are robust. (+10% HP)


Message History

You slash the blizzard demon!
The blizzard demon is heavily wounded.
You slash the eye of draining!
You kill the eye of draining!
Okawaru accepts your kill.
The blizzard demon hits you but does no damage.
You block the blizzard demon's attack.
You slash the blizzard demon!
The blizzard demon is severely wounded.
The blizzard demon gestures at you. The freezing blast engulfs you!!
* * * LOW HITPOINT WARNING * * *
Unknown command.
Okay, then.
Unknown command.
Unknown command.
Okay, then.
It was a potion of invisibility.
You fade into invisibility!
You die...

.. . .
.## #. ..
.....
####.. ..
.... # .
. #.....
# #.. #.
... . . .
#.#.# .
##$##○○.#
.
####☼##.
.# #.#♣2#
#..#○☼##
# #☼○$#
##.#. ##
. .. #.
#.


You could see a blizzard demon.

Vanquished Creatures
  Erica (D:8)
  A large abomination (Abyss:1)
  Pikel (D:4)
  A smoke demon (Abyss:1)
  A centaur skeleton (D:8)
  Maggie (D:8)
  A troll (D:9)
  Prince Ribbit (D:9)
  A raiju (Abyss:1)
  A hippogriff (D:10)
  A slime creature (D:6)
  A wyvern (D:8)
  3 yaks (D:9)
  2 small abominations (Abyss:1)
  A water moccasin (D:9)
  2 porcupines (D:10)
  4 orc warriors
  2 sky beasts
  3 ice beasts
  2 eyes of draining
  4 phantoms
  A black bear (D:10)
  2 centaurs
  7 ogres
  A crocodile (D:9)
  Blork the orc (D:6)
  4 big kobolds (D:9)
  8 bullfrogs
  2 gnoll sergeants (D:9)
  4 scorpions
  5 killer bees (D:8)
  3 howler monkeys
  7 wights
  2 crimson imps
  A bullfrog zombie (D:7)
  3 jellies
  8 hounds
  An orc priest (D:10)
  Natasha (twice) (D:4)
  10 orc wizards
  3 bullfrog skeletons
  6 iguanas
  8 worker ants
  A hound skeleton (D:4)
  A worker ant zombie (D:9)
  Robin (D:4)
  4 gnolls (D:9)
  9 adders
  A shadow imp (D:7)
  15 oozes (D:6)
  3 adder skeletons
  A worm (D:2)
  A dart slug (D:1)
  4 leopard geckos
  15 orcs
  6 bats
  4 giant cockroaches
  12 goblins
  11 hobgoblins
  18 jackals
  3 kobolds
  6 quokkas
  2 ball pythons
  9 frilled lizards
  A leopard gecko zombie (D:7)
  10 rats
  A spectral orc (D:8)
  2 fungi
  A plant (D:10)
266 creatures vanquished.

Vanquished Creatures (others)
  Natasha (D:4)
  A dart slug (D:4)
  11 fungi
13 creatures vanquished.

Grand Total: 279 creatures vanquished

Notes
Turn   | Place    | Note
-------+----------+-------------------------------------------
     0 | D:1      | Conn the Gargoyle Fighter began the quest for the Orb.
     0 | D:1      | Reached XP level 1. HP: 14/14 MP: 1/1
   109 | D:1      | Reached XP level 2. HP: 18/19 MP: 2/2
   555 | D:2      | Reached XP level 3. HP: 23/23 MP: 3/3
   676 | D:2      | Reached skill level 4 in Shields
   789 | D:2      | Reached XP level 4. HP: 29/29 MP: 4/4
   872 | D:2      | Found a snail-covered altar of Cheibriados.
  1327 | D:2      | Noticed a bullfrog
  1337 | D:2      | Killed a bullfrog
  1337 | D:2      | Reached XP level 5. HP: 27/33 MP: 5/5
  2370 | D:4      | Noticed a slave
  2370 | D:4      | Noticed a slave
  2370 | D:4      | Noticed Pikel
  2372 | D:4      | Noticed a slave
  2377 | D:4      | Noticed a slave
  2393 | D:4      | Killed Pikel
  2393 | D:4      | Reached skill level 5 in Maces & Flails
  2393 | D:4      | Reached skill level 1 in Dodging
  2393 | D:4      | Reached skill level 5 in Shields
  2393 | D:4      | Reached XP level 6. HP: 33/39 MP: 6/6
  2393 | D:4      | Reached XP level 7. HP: 37/44 MP: 7/7
  2486 | D:4      | Found a large runed translucent door.
  2497 | D:4      | Identified the +10 war axe of the Wraith {speed, rElec
                  | rPois rN+++ MR-}
  2499 | D:4      | Found a large runed translucent door.
  2512 | D:4      | Found a large runed translucent door.
  2512 | D:4      | Found a large runed translucent door.
  2512 | D:4      | Noticed Robin
  2542 | D:4      | Found a shattered altar of Ashenzari.
  2542 | D:4      | Found a shadowy altar of Dithmenos.
  2542 | D:4      | Found an opulent altar of Gozag.
  2585 | D:4      | Noticed Natasha
  2593 | D:4      | Killed Natasha
  2636 | D:4      | Reached XP level 8. HP: 48/48 MP: 8/8
  2770 | D:4      | Reached skill level 5 in Armour
  2770 | D:4      | Reached skill level 6 in Shields
  2916 | D:4      | Killed Robin
  2966 | D:4      | Noticed Natasha
  2970 | D:4      | Killed Natasha
  3029 | D:4      | Killed Natasha
  3034 | D:4      | Reached skill level 5 in Fighting
  3050 | D:4      | Learned a level 5 spell: Iskenderun's Battlesphere
  3128 | D:5      | Entered Level 5 of the Dungeon
  3240 | D:5      | Got an encrusted leather armour
  3251 | D:5      | Identified the +2 leather armour of a wizard's laboratory
                  | {rN+ rCorr Dex+4} (You found it on level 5 of the Dungeon)
  4005 | D:6      | Noticed Blork the orc
  4009 | D:6      | Reached skill level 1 in Conjurations
  4013 | D:6      | Reached skill level 1 in Axes
  4021 | D:6      | Killed Blork the orc
  4167 | D:6      | Reached XP level 9. HP: 54/54 MP: 10/10
  4297 | D:6      | Reached skill level 1 in Spellcasting
  4297 | D:6      | Reached skill level 1 in Charms
  4451 | D:6      | Got an emerald-encrusted scale mail
  4462 | D:6      | Identified the +8 scale mail of the Sturgeon {rN+} (You
                  | found it on level 6 of the Dungeon)
  4612 | D:6      | Found a glowing silver altar of Zin.
  4613 | D:6      | Noticed an angel
  4810 | D:6      | Found a staircase to the Ecumenical Temple.
  4829 | D:6      | Learned a level 2 spell: Shroud of Golubria
  4861 | Temple   | Entered the Ecumenical Temple
  4951 | Temple   | Became a worshipper of Warmaster Okawaru
  5314 | D:7      | Reached * piety under Okawaru
  5316 | D:7      | Reached skill level 1 in Translocations
  5799 | D:7      | Found a hazy altar of Hepliaklqana.
  5997 | D:7      | Reached skill level 7 in Shields
  6186 | D:8      | Noticed Maggie
  6209 | D:8      | Killed Maggie
  6209 | D:8      | Reached ** piety under Okawaru
  6209 | D:8      | Reached XP level 10. HP: 47/60 MP: 15/15
  6210 | D:8      | Reached skill level 5 in Axes
  6251 | D:8      | Got a distressingly furry cloak
  6262 | D:8      | Identified the cursed +0 cloak "Giuren" {Slay+5} (You found
                  | it on level 8 of the Dungeon)
  6430 | D:8      | Found a basalt altar of Yredelemnul.
  6506 | D:8      | Noticed Erica
  6564 | D:8      | Killed Erica
  7138 | D:9      | Reached *** piety under Okawaru
  7173 | D:9      | Learned a level 3 spell: Ozocubu's Armour
  7193 | D:9      | Noticed Prince Ribbit
  7201 | D:9      | Killed Prince Ribbit
  7261 | D:9      | Found a glowing golden altar of the Shining One.
  7297 | D:9      | Found a sacrificial altar of Ru.
  7418 | D:9      | Reached skill level 1 in Stealth
  7469 | D:9      | Reached **** piety under Okawaru
  7581 | D:9      | Reached XP level 11. HP: 67/67 MP: 17/17
  7638 | D:9      | Found a staircase to the Orcish Mines.
  7647 | D:9      | Reached skill level 8 in Shields
  7962 | D:10     | Entered Level 10 of the Dungeon
  8176 | D:10     | Noticed Sonja
  8182 | D:10     | Cast into level 1 of the Abyss (Sonja)
  8227 | Abyss:1  | Noticed a large abomination
  8248 | Abyss:1  | Killed a large abomination
  8248 | Abyss:1  | Reached ***** piety under Okawaru
  8365 | Abyss:1  | Noticed a large abomination
  8387 | Abyss:1  | Gained mutation: You have a pair of small horns on your
                  | head. [potion of mutation]
  8387 | Abyss:1  | Gained mutation: You are robust. (+10% HP) [potion of
                  | mutation]
  8442 | Abyss:1  | Noticed a blizzard demon
  8447 | Abyss:1  | Engulfed by a blizzard demon's freezing vapour

Levels and vault maps discovered:
D:1:      zaba_arrival_water, layout_rooms
D:2:      layout_basic, cheibriados_altar_1, first_ration
D:3:      layout_basic
D:4:      layout_rooms, gammafunk_temple_overflow_forgotten,
          minmay_hollow_rounded_squares, uniq_robin, uniq_pikel, uniq_natasha
D:5:      layout_basic, lemuel_old_faithful
D:6:      lemuel_slime, layout_basic, zin_angel, minmay_temple_entry_offerings,
          uniq_blork_the_orc
D:7:      layout_basic, nicolae_overflow_hidden_temple, grunt_ogre_cave
D:8:      layout_rooms, yredelemnul_forgotten_temple_becter,
          serial_co_window_serial, co_window_corner_a, co_window_paths_a,
          co_window_corner_a, co_window_paths_b, co_window_corner_a,
          co_window_paths_a, co_window_corner_a, co_window_broadway_a,
          co_window_corner_b, co_window_broadway_c, co_window_unsneaky_path_e,
          co_window_broadway_c, co_window_broadway_a, glass_columns_a,
          eino_small_chamber_without_monster, uniq_erica, uniq_maggie
D:9:      layout_cave_pools, chequers_temple_overflow_statue_of_worship,
          kennysheep_orc_monster_closet_entryway, minmay_statues_item,
          st_stairs_7, uniq_prince_ribbit1
D:10:     layout_rooms, due_lair_maze_entry_diamond, uniq_sonja
Temple:   dshaligram_water_room_temple
Abyss:1:  base:
D:8

Skill      XL: |  1  2  3  4  5  6  7  8  9 10 11 |
---------------+----------------------------------+-----
Shields        | 4 5 6 7 8 |  8.7
Maces & Flails | 3 5 6 |  6.2
Armour         | 4 5 6 7 |  7.3
Fighting       | 4 5 6 7 |  7.6
Dodging        | 1 2 |  2.4
Conjurations   | 1 |  1.9
Axes           | 2 4 6 7 |  7.3
Spellcasting   | 3 4 |  4.9
Charms         | 2 3 4 |  4.4
Translocations | 1 2 3 |  3.9
Stealth        | 1 |  1.0
Evocations     | |  0.4

Action                   |  1- 3 |  4- 6 |  7- 9 | 10-12 || total
-------------------------+-------+-------+-------+-------++-------
Melee: Flail             |   114 |   171 |       |       ||   285
       Whip              |       |       |   123 |       ||   123
       War axe           |       |       |   185 |   247 ||   432
 Cast: Shroud of Golubri |       |       |       |     4 ||     4
Evoke: Wand              |       |     2 |       |       ||     2
  Use: Potion            |       |     2 |     5 |     5 ||    12
       Scroll            |       |       |     9 |     3 ||    12
  Eat: Chunk             |       |     5 |     9 |     8 ||    22
       Ration            |       |       |     1 |       ||     1
Armor: Scale mail        |    76 |   103 |    71 |    94 ||   344
       Leather armour    |       |       |    30 |       ||    30
       Robe              |       |       |    19 |     5 ||    24
       Skin              |       |       |       |     3 ||     3
Dodge: Dodged            |    50 |    46 |    70 |    59 ||   225
Block: Kite shield       |    76 |   113 |   125 |   122 ||   436

Table legend:
 A = Non-vault XP
 B = Vault XP
 C = Vault XP percentage of total XP
 D = Non-vault monster count
 E = Vault monster count
 F = Vault count percentage of total count
                 A         B        C        D         E       F
            +---------+---------+-------+---------+---------+-------
      Total |    9076 |    5557 |  38.0 |     196 |      67 |  25.5
            +---------+---------+-------+---------+---------+-------
        D:1 |      32 |       0 |   0.0 |      16 |       0 |   0.0
        D:2 |     175 |       0 |   0.0 |      28 |       0 |   0.0
        D:3 |      52 |       0 |   0.0 |      21 |       0 |   0.0
        D:4 |     294 |    1080 |  78.6 |      14 |      19 |  57.6
        D:5 |     169 |       0 |   0.0 |       5 |       0 |   0.0
        D:6 |     515 |     505 |  49.5 |      14 |      18 |  56.2
        D:7 |    1481 |     121 |   7.6 |      31 |       1 |   3.1
        D:8 |    1328 |    1292 |  49.3 |      21 |       3 |  12.5
        D:9 |    1789 |    2066 |  53.6 |      25 |      22 |  46.8
       D:10 |    1200 |     493 |  29.1 |      15 |       4 |  21.1
    Abyss:1 |    2041 |       0 |   0.0 |       6 |       0 |   0.0
            +---------+---------+-------+---------+---------+-------
